 Dungeon Crawl Stone Soup version 0.23-a0-8-gb809bb7 (webtiles) character file.

125769 seren the Grappler (level 16, 0/172 HPs)
             Began as an Ogre Transmuter on July 31, 2018.
             Was the Champion of Wu Jian.
             Slain by a tarantella (6 damage)
             ... summoned by a deep elf mage
             ... on level 1 of the Elven Halls on Aug 1, 2018.
             The game lasted 04:17:11 (53214 turns).

seren the Grappler (Ogre Transmuter)               Turns: 53214, Time: 04:17:12

Health: 0/172      AC: 10    Str: 20    XL:     16   Next: 96%
Magic:  33/33      EV: 14    Int: 14    God:    Wu Jian [******]
Gold:   2289       SH:  0    Dex: 12    Spells: 17/42 levels left

rFire    . . .     SeeInvis .     - Unarmed
rCold    . . .     Gourm    .   (no shield)
rNeg     . . .     Faith    .   Y - +2 robe {MR+}
rPois    .         Spirit   .   s - +2 hat
rElec    .         Reflect  .   L - +2 cloak {MR+}
rCorr    .         Harm     .   (gloves unavailable)
MR       ++++.                  (boots unavailable)
Stlth    +.........             w - amulet of the acrobat
HPRegen  0.38/turn              W - ring of protection from magic
MPRegen  0.23/turn              K - +4 ring of slaying

@: confused, lethally poisoned (0 -> -16), drained
A: large, unfitting armour, tough skin 1
a: Wall Jump, Serpent's Lash, Heavenly Storm, Renounce Religion


You were on level 1 of the Elven Halls.
You worshipped Wu Jian.
Wu Jian was exalted by your worship.
You were not hungry.

You visited 6 branches of the dungeon, and saw 29 of its levels.
You also visited: Ossuary and Ice Cave.

You collected 2843 gold pieces.
You spent 554 gold pieces at shops.

Inventory:

Hand Weapons
 b - a +3 hunting sling of flaming
 g - a +0 blowgun
Missiles
 a - 692 arrows
 i - 9 large rocks (quivered)
 o - 8 throwing nets {!f}
 p - 88 poisoned needles
 q - 16 javelins
 u - 150 sling bullets
 X - 2 curare-tipped needles
Armour
 s - a +2 hat (worn)
 L - a +2 cloak of magic resistance (worn)
 N - a +0 shield
 Y - a +2 robe of magic resistance (worn)
Jewellery
 f - the ring "Jogaot" {Dex+2 Slay+3}
   (You found it on level 6 of the Lair of Beasts)

   [ring of slaying]

   It affects your dexterity (+2).
   It affects your accuracy and damage with ranged weapons and melee attacks
   (+3).
 h - an uncursed ring of fire
 k - the ring of Orthodoxy {+Fly rElec rN+++ MR-}
   (You found it on level 13 of the Dungeon)

   [ring of flight]

   It insulates you from electricity.
   It renders you almost immune to negative energy.
   It affects your resistance to hostile enchantments.
   It lets you fly.
 w - an amulet of the acrobat (around neck)
 z - an uncursed ring of ice
 B - an uncursed ring of see invisible
 K - a +4 ring of slaying (right hand)
 P - an uncursed ring of poison resistance
 S - an uncursed amulet of faith
 W - a ring of protection from magic (left hand)
Wands
 j - a wand of clouds (3)
 x - a wand of disintegration (10)
 F - a wand of digging (10)
 G - a wand of acid (2)
 H - a wand of enslavement (7)
 R - a wand of polymorph (14)
Scrolls
 e - 11 scrolls of teleportation {!r}
 m - 5 scrolls of fear
 y - 2 scrolls of identify
 C - 11 scrolls of remove curse
 M - 2 scrolls of blinking {!r}
 T - 3 scrolls of fog
 V - a scroll of magic mapping
Potions
 c - 3 potions of curing
 n - 5 potions of haste
 r - 6 potions of might
 v - 3 potions of heal wounds
 A - 4 potions of cancellation
 E - 2 potions of resistance
 I - 2 potions of invisibility
 J - 3 potions of berserk rage
Miscellaneous
 D - a lamp of fire (inert)
Comestibles
 d - 20 rations


   Skills:
 - Level 14.0(13.4) Fighting
 - Level 8.5(8.1) Throwing
 - Level 10.0(9.4) Dodging
 - Level 14.0(13.4) Unarmed Combat
 - Level 13.6(13.0) Spellcasting
 + Level 9.5(9.0) Transmutations
 - Level 4.0(3.5) Ice Magic
 * Level 6.8(6.3) Earth Magic
 - Level 1.0(0.6) Poison Magic
 - Level 6.3(5.8) Evocations


You had 17 spell levels left.
You knew the following spells:

 Your Spells              Type           Power        Failure   Level  Hunger
a - Beastly Appendage     Tmut           ####..       1%          1    None
b - Sticks to Snakes      Tmut           ####....     1%          2    None
c - Spider Form           Tmut/Pois      ###.......   3%          3    None
d - Confusing Touch       Hex            #.....       8%          1    None
e - Passwall              Tmut/Erth      ####....     1%          2    None
f - Statue Form           Tmut/Erth      ####.....    45%         6    ######.
h - Blade Hands           Tmut           ####......   5%          5    #####..
i - Ice Form              Ice/Tmut       ####....     6%          4    ###....
p - Apportation           Tloc           #.....       8%          1    None

Your spell library contained the following spells:

 Spells                   Type           Power        Failure   Level  Hunger
 Conjure Flame            Conj/Fire      #.......     22%         3    None
 Bolt of Magma            Conj/Fire/Erth ###.......   65%         5    #####..
 Confuse                  Hex            #.......     22%         3    None
 Freezing Cloud           Conj/Ice/Air   ##........   100%        6    ######.
 Mephitic Cloud           Conj/Pois/Air  #.......     21%         3    None
 Ring of Flames           Chrm/Fire      #.........   100%        7    #######
 Venom Bolt               Conj/Pois      ##........   88%         5    #####..
 Summon Small Mammal      Summ           #...         8%          1    None
 Animate Dead             Necr           N/A          58%         4    ###....
 Pain                     Necr           #...         8%          1    None
 Animate Skeleton         Necr           N/A          8%          1    None
 Vampiric Draining        Necr           #.........   22%         3    None
 Regeneration             Chrm/Necr      #.........   22%         3    None
 Tukima's Dance           Hex            #.......     22%         3    None
 Iron Shot                Conj/Erth      ###.......   97%         6    ######.
 Stone Arrow              Conj/Erth      ###...       6%          3    None
 Dragon Form              Tmut           ####......   85%         7    #######
 Ensorcelled Hibernation  Hex/Ice        ##....       5%          2    None
 Corona                   Hex            #......      8%          1    None
 Lee's Rapid Deconstruct  Erth           ####......   16%         5    #####..
 Sandblast                Erth           ####..       1%          1    None
 Petrify                  Tmut/Erth      ####....     3%          4    ###....
 Orb of Destruction       Conj           #.........   100%        7    #######
 Iskenderun's Battlesphe  Conj/Chrm      #.......     91%         5    #####..
 Dazzling Spray           Conj/Hex       #.....       22%         3    None
 Spellforged Servitor     Conj/Summ      #.........   100%        7    #######
 Hydra Form               Tmut           ####......   28%         6    ######.
 Irradiate                Conj/Tmut      ###.......   32%         5    #####..
 Poisonous Vapours        Pois/Air       ##....       10%         2    None


Dungeon Overview and Level Annotations

Branches:
Dungeon (15/15)            Temple (0/1) D:7            Lair (6/6) D:9
 Shoals (3/4) Lair:2        Snake (2/4) Lair:2        Slime (0/5) Lair:5
    Orc (2/2) D:10            Elf (1/3) Orc:2        Vaults (0/5) D:14
 Depths: D:15

Altars:
Dithmenos
Elyvilon
Fedhas
Gozag
Nemelex Xobeh
Trog
Vehumet
Wu Jian
Xom
Yredelemnul
The Shining One
Beogh
Jiyva

Shops:
D:6 (   D:11 ?   Orc:2 !:[[   Snake:1 ?

Annotations:
D:5 , with hat
D:11 cyclops
Lair:3 exclusion: downstairs
Lair:4 3 runed doors, Tueng's ghost, journeyman NaWz
Snake:1 exclusion: Roxanne, Roxanne
Snake:2 Vashnia


Innate Abilities, Weirdness & Mutations

You are too large for most types of armour.
You have tough skin. (AC +1)


Message History

The redback bites you!
* * * LOW HITPOINT WARNING * * *
The tarantella bites you!
* * * LOW HITPOINT WARNING * * *
You are more confused.
You're too confused!
You're too confused to cast spells.
Evoke which item? (* to show all) (? for menu, Esc to quit)
Okay, then.
You're too confused!
Unknown command.
* * * LOW HITPOINT WARNING * * *
You feel very sick. The hell rat barely misses you.
The jumping spider misses you. The jumping spider bites you.
* * * LOW HITPOINT WARNING * * *
The redback barely misses you.
The deep elf mage hits you but does no damage.
The jumping spider leaps!
The tarantella bites you.
You die...

#.### ##.[...###.####.# #.#
##.§.## #.####.# #.# ##'##
#......# #.# #########(#
######.# #.# #......##)# #.#
#.# #.####.##.##### #.#
##.###.####.#§...(.# #.#
##...##.#....ress...# #.#
##.....#.#.##.#@4.#..# #.#
#........[.##.#ss##..######.#
##.....#.####.#..##.........#
##...##......#..###.########
##.##########(.....# ##.##
##.##### ##...## #...#
###########
##.....########...#
#.........#
##...).........#...#
#.#######.#


You could see a hellwing, a deep elf mage, 2 jumping spiders, a tarantella, a
redback and a hell rat.

Vanquished Creatures
  Nikola (Shoals:1)
  A kraken (Shoals:1)
  A frost giant (IceCv)
  Louise (Shoals:3)
  A dire elephant (Lair:6)
  An ogre mage (D:14)
  A deep elf high priest (Elf:1)
  3 naga warriors
  A vault guard (D:14)
  Erolcha (D:13)
  Harold (D:8)
  5 hydras
  2 merfolk avatars
  2 centaur warriors
  6 two-headed ogres
  2 satyrs
  An alligator snapping turtle (Shoals:2)
  A dancing weapon (Elf:1)
  An anaconda (Snake:2)
  2 orc high priests
  2 tengu warriors (D:14)
  A naga sharpshooter (Snake:2)
  6 deep elf knights (Elf:1)
  5 sea snakes
  An unseen horror (D:12)
  3 deep elf archers (Elf:1)
  3 wizards (D:14)
  A wolf spider zombie (D:12)
  8 ugly things
  8 orc knights
  4 orc sorcerers (Orc:2)
  A mana viper (Snake:1)
  16 deep elf magi
  2 salamanders
  2 cyclopes
  11 manticores
  11 fauns
  Maurice (D:9)
  8 elephants
  11 black mambas
  The ghost of Tovarisch the Covert, a novice NaWn (D:5)
  2 water nymphs
  A merfolk siren (Shoals:1)
  A molten gargoyle (D:14)
  6 naga magi
  14 spiny frogs
  An ice statue (IceCv)
  2 centaur skeletons
  8 komodo dragons
  7 rime drakes
  2 yaktaurs (D:14)
  31 orc warriors
  2 harpy zombies (Shoals:2)
  2 hornets
  A wandering mushroom (D:14)
  2 trolls
  2 wind drakes
  14 polar bears
  10 merfolk
  11 blink frogs
  5 dream sheep (Lair:6)
  4 snapping turtles
  7 hippogriffs
  2 shadows (D:14)
  2 air elementals (Elf:1)
  A spriggan (shapeshifter) (Elf:1)
  11 water elementals
  3 wyverns
  2 basilisks
  38 yaks
  4 wraiths
  18 humans
  3 fire elementals
  Menkaure (D:9)
  A steam dragon (D:11)
  2 hungry ghosts
  6 nagas
  A warg (Orc:1)
  8 water moccasins
  5 porcupines
  Duvessa (D:5)
  A hornet zombie (D:12)
  10 ice beasts
  3 black bears
  12 ogres
  2 phantoms
  4 killer bees (D:10)
  3 sky beasts
  8 wolves (IceCv)
  10 crocodiles
  19 centaurs
  4 hippogriff zombies (Shoals:2)
  12 bullfrogs
  7 big kobolds
  A wyvern zombie (D:10)
  A gnoll sergeant (Orc:2)
  Dowan (D:5)
  A wyvern skeleton (D:15)
  3 scorpions
  8 wights
  3 howler monkeys
  A lava snake (D:14)
  4 crimson imps
  3 quasits
  3 centaur zombies
  7 jellies
  41 orc wizards
  2 bullfrog zombies
  2 human zombies (Ossuary)
  23 orc priests
  4 hounds
  11 worker ants
  2 iguanas
  2 big kobold zombies (Ossuary)
  4 mummies (Ossuary)
  A hound zombie (D:11)
  9 adders
  8 gnolls
  A howler monkey skeleton (D:5)
  2 shadow imps
  6 oozes
  2 worms
  A dart slug (D:3)
  7 leopard geckos
  106 orcs
  3 ball pythons
  A bat zombie (Shoals:2)
  5 giant cockroaches
  A gnoll zombie (Ossuary)
  8 goblins
  8 hobgoblins
  14 jackals
  4 quokkas
  8 bats
  4 frilled lizards
  A hobgoblin zombie (Ossuary)
  65 kobolds
  A kobold zombie (Ossuary)
  A leopard gecko zombie (D:6)
  2 orc zombies
  4 rats
  A spectral orc (D:2)
  A bush (Lair:6)
  4 plants
  3 tentacles (Shoals:1)
889 creatures vanquished.

Vanquished Creatures (collateral kills)
  2 two-headed ogres
  2 merfolk avatars
  2 orc high priests (Orc:2)
  2 orc sorcerers (Orc:2)
  A water nymph (Shoals:3)
  2 orc priests (Orc:2)
  A jelly (D:13)
  Terence (D:1)
  An iguana (D:3)
  An orc wizard (D:7)
  A shadow imp (D:7)
  2 orcs
18 creatures vanquished.

Vanquished Creatures (others)
  A hippogriff (D:7)
  A killer bee (D:10)
  A bush (Lair:6)
  11 fungi
  25 plants
  29 tentacles (Shoals:1)
68 creatures vanquished.

Grand Total: 975 creatures vanquished

Notes
Turn   | Place    | Note
-------+----------+-------------------------------------------
     0 | D:1      | seren the Ogre Transmuter began the quest for the Orb.
     0 | D:1      | Reached XP level 1. HP: 19/19 MP: 3/3
   392 | D:1      | Reached XP level 2. HP: 27/28 MP: 5/5
   419 | D:1      | Learned a level 2 spell: Sticks to Snakes
  1036 | D:2      | Noticed Terence
  1053 | D:1      | Reached XP level 3. HP: 35/35 MP: 5/7
  1208 | D:1      | Killed Terence
  1722 | D:2      | Found an ornate altar of the Wu Jian Council.
  1728 | D:2      | Became a worshipper of the Wu Jian Council
  1746 | D:2      | Reached XP level 4. HP: 44/44 MP: 8/8
  1764 | D:2      | Found a faded altar of an unknown god.
  2220 | D:2      | Found a basalt altar of Yredelemnul.
  2591 | D:3      | Learned a level 3 spell: Spider Form
  2722 | D:3      | Noticed an ogre
  2781 | D:3      | Killed an ogre
  2781 | D:3      | Reached XP level 5. HP: 53/53 MP: 3/10
  2805 | D:3      | Found a white marble altar of Elyvilon.
  3174 | D:3      | Reached * piety under Wu Jian
  3813 | D:4      | Reached skill level 1 in Poison Magic
  3813 | D:4      | Reached XP level 6. HP: 42/61 MP: 5/11
  3820 | D:4      | Noticed a phantom
  4596 | D:4      | Killed a phantom
  4709 | D:4      | Reached XP level 7. HP: 70/70 MP: 13/13
  4727 | D:4      | Reached skill level 5 in Unarmed Combat
  5149 | D:5      | Entered Level 5 of the Dungeon
  5611 | D:5      | Learned a level 4 spell: Ice Form
  5632 | D:5      | Reached ** piety under Wu Jian
  5650 | D:5      | Found a runed gate.
  5651 | D:5      | Found a runed gate.
  5651 | D:5      | Found a runed gate.
  5653 | D:5      | Noticed Tovarisch's ghost (novice NaWn)
  5692 | D:5      | Found a roughly hewn altar of Beogh.
  5989 | D:5      | Found a shadowy altar of Dithmenos.
  6698 | D:5      | Reached XP level 8. HP: 61/78 MP: 10/15
  6787 | D:5      | Noticed Duvessa
  6788 | D:5      | Noticed Dowan
  6825 | D:5      | Killed Duvessa
  7003 | D:5      | Killed Dowan
  7003 | D:5      | Reached skill level 5 in Spellcasting
  7522 | D:5      | Reached *** piety under Wu Jian
  7540 | D:5      | Reached skill level 1 in Ice Magic
  8229 | D:6      | Reached skill level 1 in Throwing
  8420 | D:6      | Reached skill level 5 in Fighting
  8420 | D:6      | Reached XP level 9. HP: 88/88 MP: 17/17
  8807 | D:6      | Found Qaroukad's Weapon Shoppe.
  8949 | D:6      | Found a blossoming altar of Fedhas.
  9064 | D:7      | Noticed Menkaure
  9299 | D:8      | Reached **** piety under Wu Jian
  9317 | D:8      | Found a sand-covered staircase.
  9427 | Ossuary  | Entered an ossuary
  9698 | Ossuary  | Reached skill level 5 in Transmutations
 10016 | D:7      | Found a staircase to the Ecumenical Temple.
 10016 | D:7      | Found a bloodstained altar of Trog.
 10222 | D:7      | Noticed a hornet
 10242 | D:7      | Killed a hornet
 10553 | D:7      | Reached skill level 1 in Evocations
 10553 | D:7      | Reached XP level 10. HP: 38/102 MP: 14/19
 10820 | D:7      | Found a glowing golden altar of the Shining One.
 10820 | D:7      | Found a sparkling altar of Nemelex Xobeh.
 11081 | D:8      | Noticed Harold
 11174 | D:8      | Killed Harold
 12211 | D:9      | Noticed a two-headed ogre
 12509 | D:9      | Killed a two-headed ogre
 12538 | D:9      | Noticed a two-headed ogre
 12542 | D:9      | Killed Menkaure
 12570 | D:9      | Killed a two-headed ogre
 12570 | D:9      | Reached ***** piety under Wu Jian
 12636 | D:9      | Found a staircase to the Lair.
 12682 | D:9      | Noticed Maurice
 12802 | D:9      | Paralysed by something for 4 turns
 12813 | D:9      | Paralysed by Maurice for 3 turns
 12825 | D:9      | Killed Maurice
 12825 | D:9      | Reached XP level 11. HP: 86/109 MP: 19/21
 13091 | D:10     | Entered Level 10 of the Dungeon
 13097 | D:10     | Found a staircase to the Orcish Mines.
 13112 | D:10     | Found a roughly hewn altar of Beogh.
 13313 | D:10     | Learned a level 5 spell: Blade Hands
 13979 | D:11     | Noticed a cyclops
 14018 | Lair:1   | Entered Level 1 of the Lair of Beasts
 14123 | Lair:1   | You fall through a shaft!
 14950 | Lair:1   | Found a shimmering altar of Xom.
 15232 | Lair:2   | Found a staircase to the Snake Pit.
 15689 | Lair:2   | Found a staircase to the Shoals.
 15689 | Lair:2   | Noticed a manticore
 15710 | Lair:2   | Killed a manticore
 15961 | Lair:2   | Reached skill level 5 in Throwing
 17616 | Lair:4   | Noticed a four-headed hydra
 17713 | Lair:4   | Killed a four-headed hydra
 17713 | Lair:4   | Reached skill level 10 in Unarmed Combat
 17713 | Lair:4   | Reached XP level 12. HP: 118/123 MP: 10/24
 18089 | Lair:4   | Found a runed gate.
 18089 | Lair:4   | Found a runed gate.
 18089 | Lair:4   | Found a runed gate.
 18090 | Lair:4   | Noticed Tueng's ghost (journeyman NaWz)
 18090 | Lair:4   | Noticed a death ooze
 18102 | Lair:4   | Found a viscous altar of Jiyva.
 18975 | Lair:5   | Found a staircase to the Slime Pits.
 18976 | Lair:5   | Found a viscous altar of Jiyva.
 19573 | Lair:5   | Reached skill level 10 in Fighting
 19619 | Lair:5   | Reached skill level 5 in Dodging
 20167 | Lair:6   | Entered Level 6 of the Lair of Beasts
 20195 | Lair:6   | Reached skill level 5 in Evocations
 20371 | Orc:1    | Entered Level 1 of the Orcish Mines
 20492 | Orc:1    | Found a frozen archway.
 20532 | IceCv    | Entered an ice cave
 20571 | IceCv    | Reached ****** piety under Wu Jian
 20948 | IceCv    | Reached skill level 10 in Spellcasting
 20973 | IceCv    | Reached XP level 13. HP: 135/135 MP: 27/27
 21373 | IceCv    | Noticed a frost giant
 21411 | IceCv    | Killed a frost giant
 22386 | Orc:1    | Found a roughly hewn altar of Beogh.
 22580 | Orc:2    | Entered Level 2 of the Orcish Mines
 23415 | Orc:2    | Found a staircase to the Elven Halls.
 23507 | Orc:2    | Found Ryramm's Antique Armour Shop.
 23507 | Orc:2    | Found Juesoij's Distillery.
 26844 | Orc:2    | Found Jugunkar's Armour Shop.
 26846 | Orc:2    | Found Jyvom's Book Shoppe.
 26866 | Orc:2    | Bought 2 potions of heal wounds for 160 gold pieces
 27509 | Lair:6   | Reached XP level 14. HP: 148/148 MP: 25/29
 28081 | Lair:6   | Noticed a dire elephant
 28094 | Lair:6   | Killed a dire elephant
 28473 | Lair:6   | Got a pitted platinum ring
 28475 | Lair:6   | Identified the ring "Jogaot" {Dex+2 Slay+3} (You found it on level 6 of the Lair of Beasts)
 29200 | Lair:6   | Found an opulent altar of Gozag.
 29607 | Lair:6   | Upgraded the game from 0.23-a0-4-g8f018a2 to 0.23-a0-8-gb809bb7
 29969 | D:11     | Found Goceos's Magic Scroll Emporium.
 29988 | D:11     | Bought a scroll of fear for 56 gold pieces
 29988 | D:11     | Bought a scroll of fear for 56 gold pieces
 29988 | D:11     | Bought a scroll of teleportation for 48 gold pieces
 30170 | D:11     | Bought a scroll of identify for 32 gold pieces
 30423 | D:11     | Found a shadowy altar of Dithmenos.
 32369 | D:13     | Learned a level 1 spell: Apportation
 32371 | D:13     | Learned a level 1 spell: Confusing Touch
 32761 | D:13     | Noticed Erolcha
 33018 | D:13     | Killed Erolcha
 33740 | D:13     | Reached XP level 15. HP: 142/158 MP: 21/31
 33814 | D:13     | Got a sparkling wooden ring
 33819 | D:13     | Identified the ring of Orthodoxy {+Fly rElec rN+++ MR-} (You found it on level 13 of the Dungeon)
 34182 | D:14     | Found a radiant altar of Vehumet.
 34974 | D:14     | Learned a level 2 spell: Passwall
 36569 | D:14     | Found a gate to the Vaults.
 36819 | D:15     | Entered Level 15 of the Dungeon
 38012 | Shoals:1 | Entered Level 1 of the Shoals
 39337 | Shoals:1 | Noticed a kraken
 39761 | Shoals:1 | Killed a kraken
 39999 | Shoals:1 | Noticed Nikola
 40025 | Shoals:1 | Killed Nikola
 40025 | Shoals:1 | Reached XP level 16. HP: 78/171 MP: 26/33
 42805 | Shoals:3 | Learned a level 6 spell: Statue Form
 43339 | Shoals:3 | Noticed Louise
 43536 | Shoals:3 | Killed Louise
 43575 | Shoals:3 | Reached skill level 1 in Earth Magic
 44377 | Shoals:3 | Reached skill level 10 in Dodging
 45931 | D:5      | Killed Tovarisch's ghost
 45968 | D:5      | Got a pitted whip {flame}
 45969 | D:5      | Identified the +7 whip of Iconoclasm {flame, Dex+2} (You took it off an orc on level 5 of the Dungeon)
 46126 | Snake:1  | Entered Level 1 of the Snake Pit
 46536 | Snake:1  | Found Ciggen's Magic Scroll Boutique.
 46568 | Snake:1  | Bought a scroll of blinking for 112 gold pieces
 46568 | Snake:1  | Bought a scroll of teleportation for 45 gold pieces
 46568 | Snake:1  | Bought a scroll of teleportation for 45 gold pieces
 46772 | Snake:1  | Noticed Roxanne
 48965 | Snake:2  | Noticed Vashnia
 49198 | Elf:1    | Entered Level 1 of the Elven Halls
 49439 | Elf:1    | Reached skill level 5 in Earth Magic
 53214 | Elf:1    | HP: 6/172 [jumping spider[a deep elf mage] (4)]
 53214 | Elf:1    | Slain by a tarantella

Vault maps used:
D:1:      elethiomel_arrival_infinity_welcomes_careful_drivers
D:2:      old_standard_altar, yredelemnul_forgotten_temple_becter,
          chequers_ecumenical_altar_simple_redux, uniq_terence
D:3:      lemuel_coloured_pillars_altar, first_ration
D:5:      minmay_goblin_kobold_castle, old_standard_altar,
          biasface_ghost_orc_armoury, uniq_duvessa
D:6:      marbit_many_paths, serial_shops, shop
D:7:      minitemple, minmay_temple_entry_butterflies, basic_altar,
          uniq_menkaure
D:8:      enter_ossuary_3, hangedman_little_slice_of_home, uniq_harold
D:9:      dpeg_oklobed_lair, uniq_maurice
D:10:     minmay_orc_entry_temple_small
D:11:     serial_shops, shop, nicolae_dithmenos_shadow_blocks
D:13:     minmay_door_square, uniq_erolcha
D:14:     grunt_vaults_entry_tiered, minmay_misc_feat_room,
          small_chamber_with_monster, fountainhead, nicolae_sextant,
          kennysheep_diamond, lemuel_oklob_altar
D:15:     grunt_enter_depths_giant_problem, minivault_24
Lair:1:   basic_altar, lab_entry_generic, nicolae_quartered_pool_little,
          st_stairs_7, serial_bayou_ford_a, grunt_megastairs_3,
          serial_bayou_shore_b
Lair:2:   minmay_shoals_entry_beasts, guppyfry_snake_entry_garden
Lair:4:   gammafunk_ghost_ooze
Lair:5:   slime_altar_1, infiniplex_staircase_pool_2
Lair:6:   gammafunk_lair_ancient_temple, basic_altar
Shoals:1: uniq_nikola
Shoals:2: abandoned_shop, nicolae_shoals_undead_eyrie
Shoals:3: nicolae_shoals_water_elemental_grotto, uniq_louise
Snake:1:  serial_shops, nicolae_shop_temple_entry_statues_fountains,
          spider_trap, uniq_roxanne
Snake:2:  serial_bayou_shore_b, uniq_vashnia
Orc:1:    basic_altar, portal_ice_cave_entry_ice_beasts,
          nicolae_volcano_entry_two_sided
Orc:2:    st_orc_elflike, special_room, sword_in_stone
Elf:1:    kennysheep_underground_church
Ossuary:  ossuary_crypta
IceCv:    ice_cave_small_giant

Skill      XL: |  1  2  3  4  5  6  7  8  9 10 11 12 13 14 15 16 |
---------------+-------------------------------------------------+-----
Unarmed Combat | 3 4 6 7 8 9 10 11 13 14 | 14.0
Transmutations | 2 3 4 5 6 7 8 9 |  9.5
Fighting       | 2 3 4 5 7 9 10 11 12 13 14 | 14.0
Spellcasting   | 3 4 5 6 7 8 10 11 12 13 | 13.6
Poison Magic   | 1 |  1.0
Dodging        | 2 3 4 5 6 7 9 10 | 10.0
Ice Magic      | 1 3 4 |  4.0
Throwing       | 1 3 4 5 6 7 8 |  8.5
Evocations     | 1 3 4 5 6 |  6.3
Earth Magic    | 6 |  6.8

Action                   |  1- 3 |  4- 6 |  7- 9 | 10-12 | 13-15 | 16-18 || total
-------------------------+-------+-------+-------+-------+-------+-------++-------
Melee: Unarmed           |    66 |   139 |   348 |   526 |  1066 |   467 ||  2612
       Headbutt          |     1 |     2 |       |       |       |     1 ||     4
       Punch             |       |     1 |     3 |     2 |    30 |    31 ||    67
       Hunting sling     |       |     1 |     3 |     8 |    12 |       ||    24
       Kick              |       |       |     4 |     3 |     2 |     3 ||    12
 Fire: Hunting sling     |    85 |   102 |   190 |   172 |   360 |    43 ||   952
Throw: Javelin           |       |       |     1 |       |    12 |    39 ||    52
       Large rock        |       |       |       |       |     8 |    13 ||    21
 Cast: Beastly Appendage |     2 |     5 |     1 |     1 |     4 |     2 ||    15
       Sticks to Snakes  |     4 |     5 |     2 |    22 |    64 |    55 ||   152
       Spider Form       |       |     8 |    26 |    25 |     8 |       ||    67
       Ice Form          |       |       |       |    29 |    60 |    16 ||   105
       Blade Hands       |       |       |       |       |     8 |     5 ||    13
       Apportation       |       |       |       |       |     5 |    15 ||    20
       Confusing Touch   |       |       |       |       |       |     7 ||     7
Invok: Lunge             |       |     9 |    18 |    21 |    89 |    26 ||   163
       Whirlwind         |       |    16 |    43 |   140 |   210 |    61 ||   470
       Wall Jump         |       |       |    38 |    67 |   136 |    42 ||   283
       Serpent's Lash    |       |       |       |     1 |    14 |     2 ||    17
       Heavenly Storm    |       |       |       |       |     1 |       ||     1
 Abil: End Transformatio |       |       |     2 |     5 |    18 |     4 ||    29
Evoke: Wand              |       |       |     1 |     3 |     7 |     4 ||    15
       Lamp of fire      |       |       |       |       |       |     1 ||     1
  Use: Scroll            |     6 |     6 |    15 |     9 |     8 |     7 ||    51
       Potion            |       |       |     3 |     1 |     7 |     2 ||    13
 Stab: Distracted        |       |       |     1 |     1 |       |       ||     2
       Sleeping          |       |       |       |       |     2 |       ||     2
       Invisible         |       |       |       |       |     1 |       ||     1
       Confused          |       |       |       |       |       |     3 ||     3
  Eat: Ration            |     1 |       |       |     2 |     4 |     7 ||    14
       Chunk             |       |    10 |    21 |    34 |    57 |    18 ||   140
Armor: Robe              |    37 |    29 |    33 |    18 |   101 |    66 ||   284
       Skin              |       |     2 |    15 |    44 |    54 |     8 ||   123
Dodge: Dodged            |    75 |    91 |   273 |   254 |   579 |   328 ||  1600

Table legend:
 A = Spawn XP
 B = Non-spawn XP
 C = Spawn XP percentage of total XP
 D = Spawn monster count
 E = Non-spawn monster count
 F = Spawn count percentage of total count
 G = Total turns spent on level
                    A         B        C        D         E        F      G
               +---------+---------+-------+---------+---------+-------+---------
         Total |       0 |  179670 |   0.0 |       0 |     899 |   0.0 | 53214
               +---------+---------+-------+---------+---------+-------+---------
           D:1 |       0 |      55 |   0.0 |       0 |      17 |   0.0 |  1366
           D:2 |       0 |      49 |   0.0 |       0 |      19 |   0.0 |  1297
           D:3 |       0 |     170 |   0.0 |       0 |      30 |   0.0 |  1510
           D:4 |       0 |     470 |   0.0 |       0 |      20 |   0.0 |  1781
           D:5 |       0 |    1871 |   0.0 |       0 |      82 |   0.0 |  2538
           D:6 |       0 |     839 |   0.0 |       0 |      24 |   0.0 |   849
           D:7 |       0 |    1369 |   0.0 |       0 |      22 |   0.0 |  1073
           D:8 |       0 |    2024 |   0.0 |       0 |      34 |   0.0 |  1688
           D:9 |       0 |    2765 |   0.0 |       0 |      25 |   0.0 |  1136
          D:10 |       0 |     998 |   0.0 |       0 |      29 |   0.0 |   967
          D:11 |       0 |    3560 |   0.0 |       0 |      32 |   0.0 |   808
          D:12 |       0 |    6775 |   0.0 |       0 |      55 |   0.0 |  1976
          D:13 |       0 |    8974 |   0.0 |       0 |      54 |   0.0 |  2303
          D:14 |       0 |   20635 |   0.0 |       0 |      52 |   0.0 |  2497
          D:15 |       0 |    2393 |   0.0 |       0 |       7 |   0.0 |   340
        Lair:1 |       0 |    1490 |   0.0 |       0 |       8 |   0.0 |  1672
        Lair:2 |       0 |    5483 |   0.0 |       0 |      20 |   0.0 |  1660
        Lair:3 |       0 |    1858 |   0.0 |       0 |       9 |   0.0 |  1116
        Lair:4 |       0 |    2347 |   0.0 |       0 |       5 |   0.0 |  1436
        Lair:5 |       0 |    7708 |   0.0 |       0 |      25 |   0.0 |  1801
        Lair:6 |       0 |   18181 |   0.0 |       0 |      52 |   0.0 |  2140
      Shoals:1 |       0 |   11602 |   0.0 |       0 |      17 |   0.0 |  2553
      Shoals:2 |       0 |   12739 |   0.0 |       0 |      29 |   0.0 |  3781
      Shoals:3 |       0 |   10946 |   0.0 |       0 |      23 |   0.0 |  1158
       Snake:1 |       0 |    5686 |   0.0 |       0 |      13 |   0.0 |  2089
       Snake:2 |       0 |    5936 |   0.0 |       0 |      10 |   0.0 |   649
         Orc:1 |       0 |    6722 |   0.0 |       0 |      42 |   0.0 |  3219
         Orc:2 |       0 |    9033 |   0.0 |       0 |      66 |   0.0 |  2526
         Elf:1 |       0 |   17068 |   0.0 |       0 |      30 |   0.0 |  3368
       Ossuary |       0 |     218 |   0.0 |       0 |      12 |   0.0 |   478
         IceCv |       0 |    9706 |   0.0 |       0 |      36 |   0.0 |  1439
               +---------+---------+-------+---------+---------+-------+---------
